 Dungeon Crawl Stone Soup version 0.28-a0-948-gee6e0bcda6 (webtiles) character file.

Game seed: 12306070308334734934

58 whyfkfv the Vexing (level 3, -11/16 HPs)
             Began as a Spriggan Enchanter on Nov 30, 2021.
             Killed by divine providence
             ... invoked by an orc priest
              (13 damage)
             ... on level 3 of the Dungeon.
             The game lasted 00:04:48 (2474 turns).

whyfkfv the Vexing (Spriggan Enchanter)             Turns: 2474, Time: 00:04:49

Health: -11/16     AC:  3    Str:  5    XL:     3   Next: 76%
Magic:  7/9        EV: 17    Int: 16    God:
Gold:   11         SH:  0    Dex: 15    Spells: 2/10 levels left

rFire   . . .      SeeInvis +   e - +2 dagger (venom)
rCold   . . .      Faith    .   (shield restricted)
rNeg    . . .      Spirit   .   b - +1 robe
rPois   +          Reflect  .   (helmet restricted)
rElec   .          Harm     .   (no cloak)
rCorr   .          Rampage  .   (gloves unavailable)
Will    .....                   (boots unavailable)
Stlth   +++.......              (no amulet)
HPRegen 0.05/turn               f - ring of poison resistance
MPRegen 0.11/turn               (no ring)

@: very quick
A: very small, no large weapons, unfitting armour, see invisible, speed 3
a: no special abilities


You were on level 3 of the Dungeon.
You visited 1 branch of the dungeon, and saw 3 of its levels.

You collected 102 gold pieces.
You spent 91 gold pieces at shops.

Inventory:

Hand Weapons
 a - a +3 dagger
 e - a +2 dagger of venom (weapon)
Armour
 b - a +1 robe (worn)
Jewellery
 f - a ring of poison resistance (left hand)
Potions
 c - a potion of invisibility
 g - a potion of might
 h - 2 potions of brilliance
 i - a potion of attraction


   Skills:
 - Level 1.1 Short Blades
 - Level 2.6 Dodging
 - Level 4.4 Stealth
 + Level 4.1 Spellcasting
 + Level 4.8 Hexes


You had 2 spell levels left.
You knew the following spells:

 Your Spells              Type           Power      Damage    Failure   Level
a - Ensorcelled Hibernat  Hex/Ice        22%        N/A       10%         2
b - Tukima's Dance        Hex            18%        N/A       7%          3
c - Dazzling Flash        Conj/Hex       22%        N/A       19%         3

Your spell library contained the following spells:

 Spells                   Type           Power      Damage    Failure   Level
 Confusing Touch          Hex            18%        N/A       7%          3
 Silence                  Hex/Air        5%         N/A       86%         5
 Agony                    Necr           3%         N/A       99%         5


Dungeon Overview and Level Annotations

Branches:
Dungeon (3/15)

Altars:

Shops:
D:3 *


Innate Abilities, Weirdness & Mutations

You are very small and have problems with some larger weapons.
You are too small for most types of armour.
You have supernaturally acute eyesight. (SInv)
You cover ground extremely quickly. (Speed+++)


Message History

Unknown command.
The orc shouts!
You hit the orc.
The orc is poisoned.
The orc is heavily wounded.
You hear a shout! x3
The orc misses you.
You barely miss the orc.
The orc is severely wounded.
The orc hits you with a +0 mace.
You hit the orc.
The orc looks as sick as possible!
The orc is almost dead.
You kill the orc!
An orc comes into view. It is wielding a +0 falchion.
An orc comes into view. It is wielding a +0 dagger.
The orc throws a boomerang.
The boomerang completely misses you.
Things that are here:
a +0 mace; 15 gold pieces; an orc corpse An orc priest comes into view.
It is wielding a +3 flail.
There are monsters nearby!
The orc closely misses you.
Casting: Ensorcelled Hibernation (safe; 10% risk of failure)
Confirm with . or Enter, or press ? or * to list all spells.
Aiming: Ensorcelled Hibernation (safe; 10% risk of failure)
Press: ? - help, Shift-Dir - straight line, f - orc priest
Aim: an orc priest, wielding a +3 flail (chance to affect: 42%)
The orc priest resists with some effort.
The orc priest calls down the wrath of Beogh upon you.
Pain shoots through your body!
Ouch! That really hurt!
* * * LOW HITPOINT WARNING * * *
The orc closely misses you. x2
Okay, then.
Unknown command.
Unknown command.
Okay, then.
Unknown command.
The orc priest calls down the wrath of Beogh upon you.
Beogh smites you!
Ouch! That really hurt!
You die...

#### ####... ##
.......### .#
##.......## # .##
..........# #. ...
#.....o..##
######.###.##
#..oo.@.#
#............
#...##).###.######...#
#..##.§.§§§§.........#
#.. #.#.#§§§####....##
#. #.#..§§§........#
#. #.###§§§<.##.##.# .
......§§..##.##... ##
#####.§...##.######
#.....##.#


You could see an orc priest and 2 orcs.

Vanquished Creatures
  An adder (D:3)
  2 worms (D:2)
  A dart slug (D:2)
  An orc (D:3)
  2 endoplasms
  2 giant cockroaches
  5 goblins
  A hobgoblin (D:2)
  4 jackals (D:2)
  2 quokkas
  3 ball pythons
  4 bats (D:1)
  A frilled lizard (D:1)
  5 kobolds
  3 rats
37 creatures vanquished.

Notes
Turn   | Place    | Note
-------+----------+-------------------------------------------
     0 | D:1      | whyfkfv the Spriggan Enchanter began the quest for the Orb.
     0 | D:1      | Reached XP level 1. HP: 9/9 MP: 5/5
   400 | D:1      | Reached XP level 2. HP: 4/13 MP: 7/7
   404 | D:1      | Learned a level 2 spell: Ensorcelled Hibernation
   636 | D:1      | Found a faded altar of an unknown god.
  1265 | D:2      | Reached XP level 3. HP: 16/16 MP: 9/9
  1269 | D:2      | Learned a level 3 spell: Tukima's Dance
  1273 | D:2      | Learned a level 3 spell: Dazzling Flash
  2445 | D:3      | Found Gosacsac's Assorted Antiques.
  2460 | D:3      | Bought a fuming grey potion for 17 gold pieces
  2460 | D:3      | Bought a scroll of identify for 38 gold pieces
  2460 | D:3      | Bought a purple potion for 17 gold pieces
  2460 | D:3      | Bought a scroll labelled LAPLAOHOXT for 19 gold pieces
  2474 | D:3      | Killed from afar by an orc priest

Illustrated notes

Levels and vault maps discovered:
D:1:      amcnicky_arrival_gap_in_the_tavern_cellar, layout_rooms,
          hellmonk_ecumenical_altar_run_dry, amcnicky_mini_corridor_feature
D:2:      minmay_alternating_diamond, layout_loops_corners,
          kennysheep_generic_room_9
D:3:      layout_loops_ring, mainiacjoe_overflow_large_starburst, serial_shops,
          shop

Skill      XL: |  1  2  3 |
---------------+----------+-----
Spellcasting   | 3 4 |  4.1
Hexes          | 4 |  4.8
Short Blades   | |  1.1
Dodging        | |  2.6
Stealth        | |  4.4

Action                   || total
-------------------------++-------
Melee: Dagger            ||   122
 Cast: Ensorcelled Hiber ||    10
  Use: Scroll            ||    11
 Stab: Sleeping          ||    13
       Distracted        ||     1
Armor: Robe              ||    14
Dodge: Dodged            ||   109

Table legend: (Time is in decaauts)
 A = Elapsed time spent in this place.
 B = Non-inter-level travel time spent in this place.
 C = Inter-level travel time spent in this place.
 D = Time resting spent in this place.
 E = Time spent auto-exploring this place.
 F = Levels seen in this place.
 G = Mean time per level.
                   A        B        C        D        E       F      G
               +--------+--------+--------+--------+--------+-----+--------+
         Total |   1919 |   1894 |     25 |    637 |    942 |   3 |  639.7 |
       Dungeon |   1919 |   1894 |     25 |    637 |    942 |   3 |  639.7 |
               +--------+--------+--------+--------+--------+-----+--------+

Top non-repeatable levels by time:
     D:2: 852 daAuts
     D:1: 766 daAuts
     D:3: 300 daAuts
